 Dungeon Crawl Stone Soup version 0.29.1-15-g9cfb28693d (webtiles) character file.

Game seed: 16884551077198236444

646 ChiefBigBeans the Trooper (level 7, -6/59 HPs)
             Began as a Palentonga Berserker on Apr 12, 2023.
             Was a Priest of Trog.
             Mangled by an iguana (10 damage)
             ... on level 5 of the Dungeon.
             The game lasted 00:10:29 (5868 turns).

ChiefBigBeans the Trooper (Palentonga Berserker)    Turns: 5868, Time: 00:10:30

Health: -6/59      AC: 16    Str: 24    XL:     7   Next: 27%
Magic:  7/7        EV: 10    Int:  7    God:    Trog [***...]
Gold:   292        SH:  0    Dex: 10    Spells: 6/6 levels left

rFire   . . .      SeeInvis +     - Unarmed
rCold   . . .      Faith    .   (no shield)
rNeg    . . .      Spirit   .   a - +0 animal skin
rPois   .          Reflect  .   f - +2 hat
rElec   .          Harm     .   m - +2 cloak {Will+}
rCorr   .          Rampage  .   (no gloves)
Will    +....                   (no barding)
Stlth   +.........              (no amulet)
HPRegen 0.19/turn               (no ring)
MPRegen 0.10/turn               (no ring)

@: on berserk cooldown, slowed, curled up, very slow
A: large, rugged brown scales 3, see invisible, deformed body, roll 1, armoured
tail, reflexive curl
a: Rolling Charge, Renounce Religion, Berserk, Trog's Hand


You were on level 5 of the Dungeon.
You worshipped Trog.
Trog was most pleased with you.
You visited 1 branch of the dungeon, and saw 5 of its levels.

You collected 292 gold pieces.

Inventory:

Hand Weapons
 g - a +1 sling of venom
Missiles
 e - 3 silver boomerangs (quivered)
Armour
 a - a +0 animal skin (worn)
 f - a +2 hat (worn)
 m - a +2 cloak of willpower (worn)
Jewellery
 k - an amulet of faith
Wands
 h - a wand of mindburst (14)
 o - a wand of polymorph (11)
Scrolls
 b - 3 scrolls of immolation
 d - a scroll of blinking
 i - a scroll of fear
 j - 3 scrolls of identify
 l - 6 scrolls of teleportation
 r - a scroll of brand weapon
 s - a scroll of vulnerability
Potions
 c - a potion of haste
 n - a potion of curing
 p - a potion of invisibility {unknown}


   Skills:
 + Level 5.0 Fighting
 + Level 3.5 Armour
 + Level 3.6 Dodging
 + Level 4.9 Unarmed Combat


You had 6 spell levels left.
You didn't know any spells.
Your spell library was empty.

Dungeon Overview and Level Annotations

Branches:
Dungeon (5/15)             Temple (0/1) D:4

Altars:
Gozag


Innate Abilities, Weirdness & Mutations

You are completely covered in rugged brown scales. (AC +3, +7% HP)
You have supernaturally acute eyesight. (SInv)
Armour fits poorly on your strangely shaped body.
You can roll at nearby foes to attack.
You have a long armoured tail.
You curl defensively after being hit. (AC +7*)


Message History

Sigmund hits you with a +0 scythe! The iguana closely misses you.
You are too injured to fight recklessly!
You are too injured to fight recklessly!
You are too injured to fight recklessly!
You are too injured to fight recklessly!
You are too injured to fight recklessly!
You completely miss Sigmund.
Sigmund is almost dead.
You are no longer berserk.
You are exhausted.
You feel yourself slow down. The iguana bites you.
Sigmund gestures at you while chanting. The puff of flame hits you.
You closely miss Sigmund. You tail-slap Sigmund.
Sigmund is almost dead.
The iguana bites you.
* * * LOW HITPOINT WARNING * * *
Sigmund closely misses you. The iguana bites you.
* * * LOW HITPOINT WARNING * * *
You barely miss Sigmund.
Sigmund is almost dead.
Sigmund zaps a wand.
The roots erupt in riotous growth!
The grasping roots grab you!
The iguana is unaffected.
Sigmund is unaffected.
The grasping roots constrict you.
* * * LOW HITPOINT WARNING * * *
The iguana bites you!
* * * LOW HITPOINT WARNING * * *
You closely miss Sigmund.
Sigmund is almost dead.
Sigmund points at you and mumbles some strange words.
You resist with almost no effort. The grasping roots constrict you.
The iguana barely misses you.
You punch Sigmund!
You kill Sigmund!
Trog accepts your kill.
Trog appreciates your killing of a magic user.
The iguana bites you but does no damage.
The iguana bites you!
You die...

#..#... ###......
###...###..
###.....# ###
####......##
##.........#
###..........#
...###l...........#
#.....)@###......##
......### #......#
...... ##.....#
..... #....## .....
###### .... ....


You could see an iguana.

Vanquished Creatures
  Sigmund (D:5)
  An ice beast (D:5)
  An ogre (D:5)
  A centaur (D:4)
  3 scorpions
  A hound (D:5)
  7 adders
  An ufetubus (D:5)
  A worm (D:4)
  4 dart slugs
  11 orcs
  9 bats
  10 endoplasms
  3 giant cockroaches
  5 goblins
  7 hobgoblins
  7 jackals
  5 quokkas
  9 ball pythons
  5 frilled lizards
  4 kobolds
  3 rats
99 creatures vanquished.

Notes
Turn   | Place    | Note
-------+----------+-------------------------------------------
     0 | D:1      | ChiefBigBeans the Palentonga Berserker began the quest for
                  | the Orb.
     0 | D:1      | Reached XP level 1. HP: 19/19 MP: 1/1
    55 | D:1      | Reached XP level 2. HP: 21/25 MP: 2/2
   282 | D:1      | Found a faded altar of an unknown god.
   434 | D:1      | Reached ** piety under Trog
   439 | D:1      | Reached XP level 3. HP: 18/31 MP: 3/3
  1322 | D:2      | Reached XP level 4. HP: 37/37 MP: 4/4
  3277 | D:4      | Noticed a scorpion
  3281 | D:4      | Killed a scorpion
  3282 | D:4      | Reached skill level 4 in Fighting
  3282 | D:4      | Reached XP level 5. HP: 44/44 MP: 5/5
  3326 | D:4      | Noticed a centaur
  3345 | D:4      | Killed a centaur
  3346 | D:4      | Reached XP level 6. HP: 8/51 MP: 6/6
  3922 | D:4      | Found an opulent altar of Gozag.
  4034 | D:4      | Found a staircase to the Ecumenical Temple.
  4310 | D:5      | Entered Level 5 of the Dungeon
  4666 | D:5      | Reached *** piety under Trog
  5004 | D:5      | Gained mutation: You curl defensively after being hit. (AC
                  | +7*) [Palentonga growth]
  5004 | D:5      | Reached XP level 7. HP: 12/58 MP: 7/7
  5443 | D:5      | Reached skill level 5 in Fighting
  5847 | D:5      | Noticed Sigmund
  5868 | D:5      | Killed Sigmund
  5868 | D:5      | Mangled by an iguana

Illustrated notes

Levels and vault maps discovered:
D:1:      dpeg_arrival_pits, layout_loops_ring,
          ebering_ecumenical_altar_sacrificial, minmay_liquid_box,
          minmay_split_cup_large
D:2:      layout_rooms
D:3:      layout_basic
D:4:      layout_cave_pods, nicolae_gozag_seed_capital,
          minmay_temple_entry_sparse_star, dreamdust_princess_corridor
D:5:      layout_cave_pods, uniq_sigmund

Skill      XL: |  1  2  3  4  5  6  7 |
---------------+----------------------+-----
Armour         | 2 3 |  3.5
Dodging        | 2 3 |  3.6
Fighting       | 4 5 |  5.0
Unarmed Combat | 4 |  4.9

Action                   |  1- 3 |  4- 6 |  7- 9 || total
-------------------------+-------+-------+-------++-------
Melee: Unarmed           |   123 |   157 |    55 ||   335
       Tailslap          |    10 |    20 |     5 ||    35
       Punch             |     2 |    10 |       ||    12
Throw: Boomerang         |     3 |     6 |       ||     9
Invok: Berserk           |       |       |     1 ||     1
 Abil: Rolling Charge    |     4 |     9 |     1 ||    14
  Use: Scroll            |     6 |     4 |       ||    10
       Potion            |     2 |     5 |     1 ||     8
 Stab: Sleeping          |       |     3 |       ||     3
Armor: Animal skin       |    82 |    68 |    24 ||   174
Dodge: Dodged            |    86 |    90 |    37 ||   213
